 Dungeon Crawl Stone Soup version 0.21.0 (webtiles) character file.

69931 mortelune the Severer (level 14, -3/204 HPs)
             Began as a Minotaur Berserker on Jan 5, 2018.
             Was a High Priest of Trog.
             Slain by an ettin
             ... wielding a +0 dire flail
              (22 damage)
             ... on level 1 of the Orcish Mines on Jan 6, 2018.
             The game lasted 00:59:50 (22180 turns).

mortelune the Severer (Minotaur Berserker)         Turns: 22180, Time: 00:59:50

Health: -3/204     AC: 24    Str: 38    XL:     14   Next: 92%
Magic:  13/13      EV: 13    Int:  7    God:    Trog [*****.]
Gold:   836        SH:  0    Dex: 19    Spells: 13/13 levels left

rFire    + . .     SeeInvis +   t - +5 executioner's axe (elec)
rCold    . . .     Gourm    .   (shield currently unavailable)
rNeg     . . .     Faith    .   h - +0 plate armour {rF+}
rPois    +         Spirit   .   j - +2 hat
rElec    .         Reflect  .   b - +2 cloak of Hasastos {Str+3 Int+3 Dex+4 SInv}
rCorr    +         Harm     .   (no gloves)
MR       +....                  A - +0 pair of boots of the Enchanted Forest {rCorr Str+4}
Stlth    ..........             k - amulet of regeneration
HPRegen  0.84/turn              d - +4 ring of dexterity
MPRegen  0.13/turn              q - ring of poison resistance

@: berserking, very quick
A: retaliatory headbutt, horns 2
a: Berserk, Trog's Hand, Brothers in Arms, Burn Spellbooks, Renounce Religion


You were on level 1 of the Orcish Mines.
You worshipped Trog.
Trog was extremely pleased with you.
You were near starving.

You visited 3 branches of the dungeon, and saw 22 of its levels.
You also visited: Labyrinth.

You collected 1887 gold pieces.
You spent 1051 gold pieces at shops.

Inventory:

Hand Weapons
 a - a +0 morningstar
 n - a +2 battleaxe of flaming
 t - a +5 executioner's axe of electrocution (weapon)
 Z - a +1 antimagic battleaxe
Missiles
 Y - 4 throwing nets (quivered)
Armour
 b - the +2 cloak of Hasastos (worn) {Str+3 Int+3 Dex+4 SInv}
   (You found it on level 10 of the Dungeon)

   It affects your strength (+3).
   It affects your intelligence (+3).
   It affects your dexterity (+4).
   It lets you see invisible.
 h - a +0 plate armour of fire resistance (worn)
 j - a +2 hat (worn)
 A - the +0 pair of boots of the Enchanted Forest (worn) {rCorr Str+4}
   (You found it on level 6 of the Dungeon)

   It affects your strength (+4).
   It protects you from acid and corrosion.
 O - a +2 ring mail of poison resistance
Jewellery
 d - a +4 ring of dexterity (left hand)
 k - an amulet of regeneration (around neck)
 q - a ring of poison resistance (right hand)
 s - an uncursed ring of positive energy
Wands
 f - a wand of enslavement (14)
 g - a wand of digging (9)
 D - a wand of clouds (8)
 I - a wand of acid (14)
 J - a wand of polymorph (20)
 K - a wand of disintegration (13)
 V - a wand of iceblast (17)
Scrolls
 e - 5 scrolls of fear
 i - a scroll of vulnerability {unknown}
 r - 3 scrolls of magic mapping
 u - 2 scrolls of brand weapon {unknown}
 v - 8 scrolls of blinking
 w - 5 scrolls of enchant armour
 y - 3 scrolls of immolation {unknown}
 E - 7 scrolls of teleportation
 F - a scroll of summoning {unknown}
 G - 11 scrolls of identify
 H - 3 scrolls of enchant weapon {unknown}
 M - 4 scrolls of fog
 N - a scroll of random uselessness {unknown}
 P - 3 scrolls of remove curse
 R - a scroll of acquirement {unknown}
 S - 3 scrolls of amnesia {unknown}
Potions
 l - 2 potions of magic
 m - 4 potions of might
 o - 3 potions of ambrosia
 p - 2 potions of haste {unknown}
 x - 4 potions of brilliance {unknown}
 z - 2 potions of flight {unknown}
 B - 2 potions of invisibility
 C - 5 potions of curing {unknown}
 L - a potion of resistance
 Q - a potion of mutation {unknown}
 T - 2 potions of cancellation {unknown}
 U - 2 potions of lignification {unknown}
 W - 2 potions of agility {unknown}
Comestibles
 c - 31 rations
 X - 14 chunks of flesh


   Skills:
 + Level 15.6 Fighting
 * Level 20.3 Axes
 + Level 15.5 Armour
 - Level 5.0 Dodging


You had 13 spell levels left.
You didn't know any spells.

Dungeon Overview and Level Annotations

Branches:
Dungeon (14/15)            Temple (0/1) D:4            Lair (6/6) D:8
 Shoals (0/4) Lair:2       Spider (0/4) Lair:4        Slime (0/5) Lair:5
    Orc (2/2) D:11         Vaults (0/5) D:13
    Elf: Orc:2

Altars:
Ashenzari
Cheibriados
Dithmenos
Elyvilon
Gozag
Hepliaklqana
Makhleb
Okawaru
Uskayaw
Xom
The Shining One
Beogh
Jiyva

Shops:
D:6 *   D:8 ?   D:9 }   D:14 :   Orc:1 }   Orc:2 }%

Annotations:
D:6 exclusion: oklob plant
Lair:5 exclusion: oklob plant


Innate Abilities, Weirdness & Mutations

You reflexively headbutt those who attack you in melee.
You have a pair of horns on your head.


Message History

You climb upwards.
There is a stone staircase leading down here.
A red film seems to cover your vision as you go berserk!
You feel yourself moving faster!
You feel mighty!
You are near starving!
The ettin hits you with a dire flail.
The ettin hits you with an enchanted dire flail!!
* * * LOW HITPOINT WARNING * * *
You slash the ettin! You headbutt the ettin!!
The ettin is severely wounded.
The ettin hits you with a dire flail!!
* * * LOW HITPOINT WARNING * * *
The ettin hits you with an enchanted dire flail!!
* * * LOW HITPOINT WARNING * * *
You barely miss the ettin. You headbutt the ettin!
The ettin is almost dead.
You barely miss the ettin. Your headbutt misses the ettin.
The ettin is almost dead.
The ettin hits you with a dire flail!!
You die...

#.....####
##..#....#
###..##...####
##.....#..###.#
#........###.###
##.##.#...#....###
#...###..##...^..#
##.## #.#.#....C.#
### ####..##..@#
#.......#
#.......#
##.(>####
#.(..(###
###...#...###
#.....#.....#
##.##<.#...###
#...##...#.#


You could see an ettin.

Vanquished Creatures
  Rupert (D:12)
  A stone giant (Orc:1)
  A minotaur (Lab)
  9 hydras
  Fannar (D:10)
  4 two-headed ogres
  5 centaur warriors
  A catoblepas (Lair:6)
  9 death yaks
  A deep troll shaman (Lair:6)
  4 tengu warriors (D:14)
  An unseen horror (D:10)
  5 orc knights
  2 orc sorcerers (Orc:2)
  A cyclops (D:13)
  A manticore (D:14)
  A merfolk siren (Lair:2)
  3 black mambas
  6 elephants (Lair:6)
  2 gargoyles (D:10)
  9 spiny frogs
  A spiny frog (shapeshifter) (D:10)
  A rime drake (Lair:6)
  3 komodo dragons
  A kobold demonologist (D:11)
  2 tengu conjurers
  7 trolls
  A merfolk (D:9)
  6 polar bears
  3 meliai (D:14)
  20 blink frogs
  17 dream sheep
  3 hippogriffs
  A tarantella (shapeshifter) (D:10)
  A shadow (D:14)
  4 redbacks
  4 wyverns
  A hungry ghost (D:9)
  4 wraiths
  13 yaks
  2 basilisks
  15 humans
  2 vampire mosquitoes (D:10)
  2 steam dragons (D:11)
  Menkaure (D:6)
  A warg (Orc:2)
  3 acid dragons
  7 water moccasins
  20 orc warriors
  3 ice beasts
  7 porcupines
  2 sky beasts
  A black bear (shapeshifter) (D:13)
  7 black bears
  2 necrophages
  12 ogres
  An eye of draining (D:11)
  6 wolves (Lair:6)
  8 centaurs
  6 crocodiles
  5 big kobolds
  13 bullfrogs
  7 scorpions
  10 killer bees
  2 howler monkeys
  5 wights (D:9)
  3 electric eels (D:9)
  6 crimson imps
  A centaur zombie (D:9)
  5 hounds
  A jelly (D:11)
  4 quasits
  Crazy Yiuf (D:5)
  7 orc priests
  3 bullfrog skeletons
  3 centaur skeletons
  13 orc wizards
  10 worker ants
  4 iguanas
  A killer bee zombie (D:6)
  A worker ant zombie (D:11)
  18 adders
  4 shadow imps
  3 oozes
  3 worms (D:2)
  4 dart slugs
  2 leopard geckos
  69 orcs
  4 bats
  4 giant cockroaches
  8 goblins
  5 hobgoblins
  18 kobolds
  4 quokkas
  3 ball pythons
  12 frilled lizards
  A quokka skeleton (D:4)
  3 rats
  2 bushes (Lair:6)
  A fungus (Lair:6)
  4 plants
546 creatures vanquished.

Vanquished Creatures (collateral kills)
  Nessos (Lair:5)
  An ugly thing (D:11)
  A spiny frog (Lair:5)
  A wraith (D:11)
  A human (D:12)
  An orc warrior (Orc:2)
  A phantom (D:11)
  An eye of draining (D:11)
  4 ogres
  A bullfrog (D:11)
  A jelly (D:11)
  A worker ant (D:11)
  A leopard gecko (D:8)
  9 orcs
25 creatures vanquished.

Vanquished Creatures (others)
  18 fungi
  8 plants
26 creatures vanquished.

Grand Total: 597 creatures vanquished

Notes
Turn   | Place    | Note
-------+----------+-------------------------------------------
     0 | D:1      | mortelune the Minotaur Berserker began the quest for the Orb.
     0 | D:1      | Reached XP level 1. HP: 19/19 MP: 0/0
   212 | D:1      | Reached XP level 2. HP: 26/27 MP: 1/1
   400 | D:1      | Reached skill level 4 in Axes
   497 | D:2      | Reached XP level 3. HP: 33/33 MP: 2/2
   708 | D:2      | Reached ** piety under Trog
   902 | D:2      | Reached XP level 4. HP: 40/41 MP: 3/3
  1181 | D:2      | Found a white marble altar of Elyvilon.
  1323 | D:3      | Noticed a bullfrog
  1330 | D:3      | Killed a bullfrog
  1330 | D:3      | Reached XP level 5. HP: 28/47 MP: 4/4
  2025 | D:3      | Found a burning altar of Makhleb.
  2227 | D:4      | Reached skill level 5 in Fighting
  2227 | D:4      | Reached skill level 5 in Axes
  2545 | D:4      | Found a staircase to the Ecumenical Temple.
  2558 | D:4      | Reached XP level 6. HP: 56/56 MP: 5/5
  2655 | D:4      | Reached *** piety under Trog
  2808 | D:4      | Found an iron altar of Okawaru.
  2809 | D:4      | Found a glowing golden altar of the Shining One.
  2939 | D:4      | Found an iron altar of Okawaru.
  3158 | D:5      | Entered Level 5 of the Dungeon
  3185 | D:5      | Noticed an ice beast
  3197 | D:5      | Killed an ice beast
  3197 | D:5      | Reached skill level 5 in Armour
  3238 | D:5      | Reached XP level 7. HP: 61/62 MP: 6/6
  3805 | D:5      | Reached skill level 6 in Axes
  3890 | D:5      | Found a runed door.
  4059 | D:5      | Noticed Crazy Yiuf
  4064 | D:5      | Killed Crazy Yiuf
  4115 | D:6      | Reached skill level 5 in Dodging
  4234 | D:6      | Found an opulent altar of Gozag.
  4340 | D:6      | Found Zinitusi's General Store.
  4353 | D:6      | Bought a potion of invisibility for 120 gold pieces
  4403 | D:6      | Reached skill level 7 in Axes
  4403 | D:6      | Reached XP level 8. HP: 70/71 MP: 7/7
  4548 | D:6      | Found a shadowy altar of Dithmenos.
  4548 | D:6      | Noticed an oklob plant
  4676 | D:6      | Reached **** piety under Trog
  4977 | D:6      | Found a shadowy altar of Dithmenos.
  4984 | D:6      | Found a shimmering altar of Xom.
  5049 | D:6      | Noticed Menkaure
  5060 | D:6      | Killed Menkaure
  5060 | D:6      | Reached skill level 8 in Axes
  5379 | D:6      | Got a pair of bloodstained boots
  5391 | D:6      | Identified the cursed +0 pair of boots of the Enchanted Forest {rCorr Str+4} (You found it on level 6 of the Dungeon)
  5401 | D:6      | Found a snail-covered altar of Cheibriados.
  5447 | D:6      | Found a shattered altar of Ashenzari.
  5469 | D:6      | Found a hide-covered altar of Uskayaw.
  6533 | D:8      | Found Pehipsac's Magic Scroll Boutique.
  6544 | D:8      | Reached skill level 9 in Axes
  6548 | D:8      | Reached XP level 9. HP: 81/81 MP: 8/8
  6559 | D:8      | Bought a scroll of blinking for 105 gold pieces
  6624 | D:8      | Reached skill level 10 in Axes
  6834 | D:8      | Found a staircase to the Lair.
  7114 | D:9      | Reached skill level 11 in Axes
  7158 | D:9      | Found Xust's Gadget Emporium.
  7174 | D:9      | Found a hazy altar of Hepliaklqana.
  7489 | D:9      | Found a burning altar of Makhleb.
  7503 | D:9      | Reached ***** piety under Trog
  7503 | D:9      | Reached XP level 10. HP: 73/91 MP: 9/9
  7750 | D:9      | Noticed a two-headed ogre
  7759 | D:9      | Killed a two-headed ogre
  8062 | D:9      | Reached skill level 12 in Axes
  8233 | D:10     | Entered Level 10 of the Dungeon
  8338 | D:10     | Found a burning altar of Makhleb.
  8502 | D:10     | Noticed a gargoyle
  8504 | D:10     | Killed a gargoyle
  8538 | D:10     | Reached skill level 10 in Fighting
  8599 | D:10     | Noticed a spiny frog
  8603 | D:10     | Killed a spiny frog
  8609 | D:10     | Reached skill level 10 in Armour
  8616 | D:10     | Noticed a centaur warrior
  8623 | D:10     | Killed a centaur warrior
  8623 | D:10     | Reached skill level 13 in Axes
  8865 | D:10     | Noticed Fannar
  8877 | D:10     | Killed Fannar
  8877 | D:10     | Reached XP level 11. HP: 101/101 MP: 10/10
  8944 | D:10     | Got a warped cloak
  8955 | D:10     | Identified the +2 cloak of Hasastos {Str+3 Int+3 Dex+4 SInv} (You found it on level 10 of the Dungeon)
  9276 | D:10     | Noticed an unseen horror
  9291 | D:10     | Killed an unseen horror
  9690 | D:11     | Found a labyrinth entrance.
  9696 | Lab      | Entered a labyrinth
 10065 | Lab      | Paralysed by fainting for 9 turns
 10341 | Lab      | Noticed a minotaur
 10345 | Lab      | Killed a minotaur
 10345 | Lab      | Reached skill level 14 in Axes
 10347 | Lab      | Got a flickering ivory amulet
 10359 | Lab      | Identified the amulet of the Furies {Harm *Drain rPois rC+ MR+ Dex+3} (You took it off a minotaur in a labyrinth)
 10367 | D:11     | Noticed a seven-headed hydra
 10370 | D:11     | HP: 1/102 [seven-headed hydra (7)]
 10822 | D:11     | Found a staircase to the Orcish Mines.
 10903 | D:11     | Noticed a cyan ugly thing
 10905 | D:11     | Killed a cyan ugly thing
 10963 | D:11     | Killed a seven-headed hydra
 11639 | Lair:1   | Entered Level 1 of the Lair of Beasts
 11723 | Lair:1   | Reached skill level 15 in Axes
 12020 | Lair:1   | You fall through a shaft!
 12021 | Lair:2   | Found a staircase to the Shoals.
 12028 | Lair:2   | Noticed a six-headed hydra
 12036 | Lair:2   | Killed a six-headed hydra
 12128 | Lair:2   | Reached XP level 12. HP: 111/112 MP: 11/11
 12499 | Lair:2   | Received a gift from Trog
 12818 | Lair:3   | Reached skill level 16 in Axes
 13284 | Lair:3   | Noticed a death yak
 13286 | Lair:3   | Noticed a death yak
 13286 | Lair:3   | Noticed a death yak
 13287 | Lair:3   | Noticed a death yak
 13287 | Lair:3   | Noticed a death yak
 13288 | Lair:3   | Noticed a death yak
 13291 | Lair:3   | Killed a death yak
 13293 | Lair:3   | Killed a death yak
 13300 | Lair:3   | Killed a death yak
 13302 | Lair:3   | Killed a death yak
 13302 | Lair:3   | Killed a death yak
 13302 | Lair:3   | Killed a death yak
 13761 | Lair:4   | Found a hole to the Spider Nest.
 13812 | Lair:4   | Reached skill level 17 in Axes
 14391 | Lair:4   | Reached XP level 13. HP: 118/122 MP: 12/12
 14917 | Lair:5   | Noticed Nessos
 14926 | Lair:5   | Killed Nessos
 15107 | Lair:5   | Found a viscous altar of Jiyva.
 15109 | Lair:5   | Found a staircase to the Slime Pits.
 15401 | Lair:6   | Entered Level 6 of the Lair of Beasts
 15803 | Lair:6   | Received a gift from Trog
 15950 | Lair:6   | Reached skill level 18 in Axes
 17002 | Lair:6   | Reached XP level 14. HP: 117/133 MP: 13/13
 17029 | Lair:6   | Got a clouded copper ring
 17031 | Lair:6   | Identified the ring "Vemob" {rPois rF- Str+6} (You found it on level 6 of the Lair of Beasts)
 18027 | D:12     | Got a scorched chain mail
 18038 | D:12     | Identified the +6 chain mail "Ahatz" {*Corrode MR++ Str+2 Dex+2} (You found it on level 12 of the Dungeon)
 18213 | D:13     | Found a gate to the Vaults.
 18213 | D:13     | Noticed Rupert
 18313 | D:13     | Reached skill level 19 in Axes
 18447 | D:12     | Killed Rupert
 18544 | D:13     | Received a gift from Trog
 19490 | D:14     | Reached skill level 15 in Fighting
 20119 | D:14     | Reached skill level 15 in Armour
 20392 | D:14     | Found Dicopen's Book Shop.
 20964 | Orc:1    | Entered Level 1 of the Orcish Mines
 20971 | Orc:1    | Noticed a stone giant
 20981 | Orc:1    | Killed a stone giant
 20981 | Orc:1    | Reached skill level 20 in Axes
 21201 | Orc:1    | Found Etaschan's Gadget Shop.
 21211 | Orc:1    | Bought a wand of clouds (8) for 540 gold pieces
 21263 | Orc:2    | Entered Level 2 of the Orcish Mines
 21572 | Orc:2    | Found Wipeink's Food Boutique.
 21590 | Orc:2    | Found a roughly hewn altar of Beogh.
 21729 | Orc:2    | Found Bishi's Gadget Shop.
 21746 | Orc:2    | Bought a wand of digging (9) for 286 gold pieces
 22180 | Orc:1    | Slain by an ettin

Skill      XL: |  1  2  3  4  5  6  7  8  9 10 11 12 13 14 |
---------------+-------------------------------------------+-----
Fighting       | 4 5 6 7 9 10 12 13 14 15 | 15.6
Axes           | 4 5 7 9 11 13 15 17 18 20 | 20.3
Armour         | 3 4 5 6 7 9 10 11 13 14 15 | 15.5
Dodging        | 3 4 5 |  5.0

Action                   |  1- 3 |  4- 6 |  7- 9 | 10-12 | 13-15 || total
-------------------------+-------+-------+-------+-------+-------++-------
Melee: Hand axe          |    50 |   139 |    76 |       |       ||   265
       Headbutt          |    15 |    22 |    56 |    90 |   117 ||   300
       War axe           |       |       |   152 |    45 |       ||   197
       Battleaxe         |       |       |       |   276 |   205 ||   481
       Morningstar       |       |       |       |     7 |    27 ||    34
       Executioner's axe |       |       |       |       |   188 ||   188
Invok: Berserk           |     1 |     2 |     7 |    11 |    12 ||    33
       Brothers in Arms  |       |       |     1 |     5 |     6 ||    12
       Burn Spellbooks   |       |       |       |     1 |       ||     1
Evoke: Wand              |       |       |       |     2 |       ||     2
  Use: Scroll            |       |     9 |     5 |     5 |       ||    19
       Potion            |       |       |       |     4 |       ||     4
 Stab: Distracted        |       |       |     1 |       |       ||     1
       Sleeping          |       |       |       |     2 |       ||     2
  Eat: Chunk             |     1 |     8 |    14 |    19 |    23 ||    65
       Ration            |       |       |     3 |     4 |     4 ||    11
Armor: Animal skin       |     7 |       |       |       |       ||     7
       Ring mail         |     9 |    11 |    17 |   169 |   104 ||   310
       Scale mail        |       |    50 |    48 |       |       ||    98
       Plate armour      |       |       |       |       |   153 ||   153
       Chain mail        |       |       |       |       |    33 ||    33
Dodge: Dodged            |    41 |    69 |   182 |   270 |   290 ||   852
